 Dungeon Crawl Stone Soup version 0.19.3 (webtiles) character file.

82764 OrDronus the Eclecticist (level 15, -7/73 (74) HPs)
             Began as a Deep Elf Earth Elementalist on Jan 22, 2017.
             Was a High Priest of Vehumet.
             Mangled by a fire dragon (15 damage)
             ... on level 6 of the Lair of Beasts.
             The game lasted 03:01:41 (31886 turns).

OrDronus the Eclecticist (DEEE)                    Turns: 31886, Time: 03:01:41

HP:   -7/73 (74)    AC:  5    Str:  5    XL:     15   Next: 30%
MP:   0/36          EV: 20    Int: 27    God:    Vehumet [*****.]
Gold: 1902          SH:  4    Dex: 15    Spells: 12 memorised, 7 levels left

rFire  + . .     SeeInvis +     b - 568 stones
rCold  x . .     Gourm    +     S - +1 robe {MR+}
rNeg   . . .     Faith    .     a - +0 buckler
rPois  .         Spirit   .     p - +0 helmet
rElec  .         Reflect  .     Y - +0 cloak (curse)
rCorr  .         Harm     .     (no gloves)
MR     ++...                    (no boots)
Stlth  +++.......               l - amulet of the gourmand
                                I - ring of see invisible
                                r - ring of fire

@: repel missiles
A: no striking features
a: Renounce Religion


You were on level 6 of the Lair of Beasts.
You worshipped Vehumet.
Vehumet was extremely pleased with you.
You were very full.

You visited 3 branches of the dungeon, and saw 22 of its levels.

You collected 1902 gold pieces.

Inventory:

Hand Weapons
 G - a +2 quarterstaff of protection
Missiles
 b - 568 stones (in hand)
Armour
 a - a +0 buckler (worn)
 p - a +0 helmet (worn)
 y - +0 mottled dragon scales
 C - a +2 helmet of see invisible
 S - a +1 robe of magic resistance (worn)
 Y - a cursed +0 cloak (worn)
Magical Staves
 j - an uncursed staff of wizardry
Jewellery
 l - an amulet of the gourmand (around neck)
 r - a ring of fire (left hand)
 I - a ring of see invisible (right hand)
 U - an uncursed ring of ice
Wands
 e - a wand of heal wounds (5/9)
 v - a wand of iceblast (5/15)
 Z - a wand of digging (15/24)
Scrolls
 f - 6 scrolls of recharging
 o - 2 scrolls of fog
 s - 3 scrolls of identify
 t - 5 scrolls of remove curse
 z - a scroll of acquirement
 E - 7 scrolls of teleportation
 L - a scroll of holy word {unknown}
 M - 2 scrolls of blinking
 N - a scroll of amnesia
 X - 2 scrolls of silence
Potions
 g - a potion of resistance
 h - 3 potions of flight
 k - a potion of lignification
 n - 3 potions of brilliance {unknown}
 q - 13 potions of curing
 u - 3 potions of might {unknown}
 w - 3 potions of haste
 x - 3 potions of ambrosia {unknown}
 A - a potion of magic
 D - 2 potions of invisibility
 H - 2 potions of heal wounds
 Q - a potion of cancellation
 R - 3 potions of degeneration {unknown}
 W - 2 potions of cure mutation
Books
 c - a book of Maledictions

   Spells                             Type                      Level
   a - Corona                         Hexes                        1
   b - Ensorcelled Hibernation        Hexes/Ice                    2
   c - Confuse                        Hexes                        3
   d - Tukima's Dance                 Hexes                        3
   e - Dazzling Spray                 Conjuration/Hexes            3
 B - a book of Power

   Spells                             Type                      Level
   a - Fulminant Prism                Conjuration/Hexes            4
   b - Iskenderun's Mystic Blast      Conjuration                  4
   c - Venom Bolt                     Conjuration/Poison           5
   d - Bolt of Magma                  Conjuration/Fire/Earth       5
   e - Iron Shot                      Conjuration/Earth            6
   f - Orb of Destruction             Conjuration                  7
   g - Spellforged Servitor           Conjuration/Summoning        7
 F - a book of Alchemy

   Spells                             Type                      Level
   a - Sublimation of Blood           Necromancy                   2
   b - Ignite Poison                  Fire/Transmutation/Poison    3
   c - Petrify                        Transmutation/Earth          4
   d - Alistair's Intoxication        Transmutation/Poison         5
   e - Irradiate                      Conjuration/Transmutation    5
 K - a book of Necromancy

   Spells                             Type                      Level
   a - Pain                           Necromancy                   1
   b - Animate Skeleton               Necromancy                   1
   c - Vampiric Draining              Necromancy                   3
   d - Regeneration                   Charms/Necromancy            3
   e - Animate Dead                   Necromancy                   4
   f - Control Undead                 Necromancy                   4
 V - a book of Minor Magic

   Spells                             Type                      Level
   a - Magic Dart                     Conjuration                  1
   b - Blink                          Translocation                2
   c - Call Imp                       Summoning                    2
   d - Repel Missiles                 Charms/Air                   2
   e - Slow                           Hexes                        2
   f - Conjure Flame                  Conjuration/Fire             3
   g - Mephitic Cloud                 Conjuration/Poison/Air       3
Comestibles
 d - 14 bread rations
 i - 10 beef jerkies
 m - 7 meat rations
 J - 3 slices of pizza
 T - 18 fruits


   Skills:
 + Level 1.0 Fighting
 * Level 12.4 Dodging
 + Level 4.8 Stealth
 * Level 2.4 Shields
 + Level 15.6 Spellcasting
 * Level 13.2 Conjurations
 - Level 0.3 Hexes
 * Level 6.4 Charms
 - Level 2.8 Translocations
 * Level 9.8 Transmutations
 + Level 4.2 Fire Magic
 * Level 15.6 Earth Magic


You had 7 spell levels left.
You knew the following spells:

 Your Spells              Type           Power        Failure   Level  Hunger
a - Sandblast             Erth           ######       0%          1    None
b - Passwall              Tmut/Erth      ######....   1%          2    None
c - Stone Arrow           Conj/Erth      ######       1%          3    None
d - Petrify               Tmut/Erth      ######..     1%          4    None
e - Lee's Rapid Deconstr  Erth           #######...   1%          5    None
f - Throw Flame           Conj/Fire      ######       1%          2    None
g - Repel Missiles        Chrm/Air       #####.       1%          2    None
h - Iron Shot             Conj/Erth      #######...   1%          6    ####...
i - Yara's Violent Unrav  Hex/Tmut       #####.....   3%          5    None
j - Blink                 Tloc           N/A          1%          2    None
k - Mephitic Cloud        Conj/Pois/Air  #####...     1%          3    None
l - Ignite Poison         Fire/Tmut/Pois ######..     1%          3    None


Dungeon Overview and Level Annotations

Branches:
Dungeon (15/15)            Temple (1/1) D:4            Lair (6/6) D:11
 Shoals (0/4) Lair:3        Snake (0/4) Lair:4        Slime (0/5) Lair:6
    Orc (0/2) D:11         Vaults (0/5) D:13         Depths (0/5) D:15

Altars:
Ashenzari
Dithmenos
Elyvilon
Fedhas
Gozag
Hepliaklqana
Makhleb
Qazlal
Ru
Sif Muna
Trog
Uskayaw
Vehumet
Xom
Yredelemnul
Zin
The Shining One

Shops:
D:8 (   D:9 (

Annotations:
D:9 Gastronok
Lair:6 exclusion: oklob plant


Message History

The fire dragon is almost dead.
The fire dragon bites you! The fire dragon closely misses you.
You block the fire dragon's attack.
Casting: Stone Arrow
Confirm with . or Enter, or press ? or * to list all spells.
Aiming: Sandblast
Press: ? - help, Shift-Dir - straight line, f/p - fire dragon
Aim: a fire dragon (almost dead)
The rocky blast hits the fire dragon.
The fire dragon is almost dead.
The fire dragon breathes flames at you. The blast of flame hits you!
You resist.
* * * LOW HITPOINT WARNING * * *
Casting: Sandblast
Confirm with . or Enter, or press ? or * to list all spells.
Aiming: Sandblast
Press: ? - help, Shift-Dir - straight line, f/p - fire dragon
Aim: a fire dragon (almost dead, catching its breath)
The rocky blast misses the fire dragon.
The fire dragon bites you!
You die...

####
##...#
###....
#....#
###...#
#.8@##
##D..##
#'#...##
$$####..#
#$.$
#..##
#$$$
##..###
#$$$
#....#
##$
#####..##
######
##.....##


You could see a fire dragon.

Vanquished Creatures
  Kirke (Lair:4)
  2 fire dragons
  2 ogre magi
  Josephine (D:11)
  6 hydras
  A rakshasa (D:15)
  A death knight (D:14)
  A catoblepas (Lair:2)
  2 centaur warriors
  A tengu warrior (D:14)
  The ghost of baghtru the Grappler, a novice TrBe of Trog (D:8)
  Urug (D:15)
  Nergalle (Lair:4)
  A deep elf knight (D:13)
  2 unseen horrors
  A sea snake (shapeshifter) (D:15)
  6 hill giants
  A wolf spider zombie (D:15)
  4 deep elf magi
  A manticore (D:15)
  7 ugly things
  10 spiny frogs
  Joseph (D:7)
  4 black mambas
  13 elephants
  2 gargoyles
  Psyche (D:11)
  An efreet (D:13)
  6 torpor snails (Lair:6)
  5 rime drakes
  7 komodo dragons
  5 kobold demonologists
  A yaktaur (shapeshifter) (D:14)
  A freezing wraith (D:15)
  4 yaktaurs (D:13)
  2 tengu conjurers (D:14)
  2 trolls (D:13)
  A polar bear (Lair:5)
  A polar bear (shapeshifter) (D:15)
  9 meliai (D:15)
  A harpy zombie (D:15)
  5 two-headed ogres
  A tyrant leech (Lair:6)
  10 hornets
  9 blink frogs (Lair:6)
  7 dream sheep (Lair:5)
  10 slime creatures
  A meliai zombie (D:15)
  7 hippogriffs
  A snapping turtle (Lair:3)
  A harpy skeleton (D:15)
  A vampire (D:15)
  A shadow (D:14)
  2 wyverns
  The ghost of Kloppie the Skirmisher, an amateur DrBe of Trog (D:4)
  30 yaks
  4 hogs
  A human (shapeshifter) (D:14)
  8 basilisks
  8 wraiths
  A human (D:12)
  13 vampire mosquitoes
  A hungry ghost (D:11)
  4 mottled dragons
  2 soldier ants
  5 nagas (Lair:4)
  15 water moccasins
  6 porcupines
  10 orc warriors
  2 swamp drakes (Lair:6)
  6 ice beasts
  2 black bears
  3 phantoms
  12 ogres
  An eye of draining (D:12)
  2 hornet zombies
  4 boggarts
  12 wolves
  3 centaurs
  7 necrophages
  15 crocodiles
  7 big kobolds
  8 bullfrogs
  A wyvern skeleton (D:13)
  6 scorpions
  3 killer bees (D:9)
  15 wights
  An electric eel (D:11)
  2 howler monkeys
  7 crimson imps
  A bullfrog zombie (D:9)
  6 hounds
  2 centaur zombies
  A quasit (D:13)
  A bullfrog skeleton (D:6)
  8 orc priests
  9 centaur skeletons
  8 jellies
  7 hell rats (Lair:4)
  6 iguanas
  31 orc wizards
  14 worker ants
  2 bullfrog simulacra (D:11)
  A centaur simulacrum (D:11)
  A hound zombie (D:6)
  2 worker ant zombies
  A howler monkey zombie (D:8)
  4 gnolls (D:7)
  14 adders
  A howler monkey skeleton (D:7)
  2 shadow imps
  A white imp (D:11)
  An ooze (D:6)
  2 adder skeletons
  An adder zombie (D:9)
  A dart slug (D:1)
  6 leopard geckos
  77 orcs
  10 bats
  6 giant cockroaches
  6 goblins
  9 hobgoblins
  6 jackals
  26 kobolds
  10 quokkas
  A ball python (D:4)
  2 frilled lizards (D:1)
  A leopard gecko skeleton (D:7)
  A quokka skeleton (D:6)
  11 rats
  A fungus (Lair:4)
  A plant (Lair:6)
707 creatures vanquished.

Vanquished Creatures (others)
  2 humans (Lair:4)
  A bush (D:12)
  10 fungi
  37 plants
50 creatures vanquished.

Grand Total: 757 creatures vanquished

Notes
Turn   | Place    | Note
-------+----------+-------------------------------------------
     0 | D:1      | OrDronus the Deep Elf Earth Elementalist began the quest for the Orb.
     0 | D:1      | Reached XP level 1. HP: 10/10 MP: 6/6
   179 | D:1      | Reached XP level 2. HP: 15/15 MP: 6/8
   993 | D:1      | Reached XP level 3. HP: 19/19 MP: 8/10
  1651 | D:2      | Learned a level 2 spell: Passwall
  1655 | D:2      | Learned a level 3 spell: Stone Arrow
  2184 | D:2      | Found a hide-covered altar of Uskayaw.
  2195 | D:2      | Found a blossoming altar of Fedhas.
  2772 | D:3      | Reached XP level 4. HP: 18/24 MP: 4/12
  3532 | D:4      | Noticed Kloppie's ghost (amateur DrBe)
  3802 | D:4      | Found a staircase to the Ecumenical Temple.
  3810 | D:4      | Reached skill level 1 in Conjurations
  3810 | D:4      | Reached XP level 5. HP: 28/28 MP: 11/14
  3812 | Temple   | Entered the Ecumenical Temple
  3887 | Temple   | Became a worshipper of Vehumet
  4053 | D:4      | Reached skill level 5 in Spellcasting
  4158 | D:5      | Entered Level 5 of the Dungeon
  4302 | D:4      | Reached skill level 5 in Earth Magic
  4622 | D:5      | Reached XP level 6. HP: 25/32 MP: 3/16
  5228 | D:6      | Reached XP level 7. HP: 36/36 MP: 7/19
  5876 | D:6      | Reached skill level 5 in Dodging
  5903 | D:7      | Reached * piety under Vehumet
  5903 | D:7      | Offered knowledge of Shock by Vehumet.
  6050 | D:7      | Reached XP level 8. HP: 39/41 MP: 6/21
  6447 | D:7      | Learned a level 4 spell: Petrify
  6453 | D:7      | Learned a level 5 spell: Lee's Rapid Deconstruction
  6791 | D:4      | Got a fine leather armour
  7024 | D:4      | Killed Kloppie's ghost
  7088 | D:4      | Offered knowledge of Throw Flame by Vehumet.
  7095 | D:4      | Reached ** piety under Vehumet
  7650 | D:7      | Noticed Joseph
  7916 | D:6      | Identified the +1 leather armour "Feasikli" {rF++ rCorr Int-3 Dex+8} (You found it on level 4 of the Dungeon)
  7932 | D:6      | Learned a level 2 spell: Throw Flame
  8068 | D:7      | Killed Joseph
  8068 | D:7      | Reached XP level 9. HP: 46/46 MP: 4/24
  8462 | D:7      | Found a shimmering altar of Xom.
  8512 | D:7      | Found a deep blue altar of Sif Muna.
  8512 | D:7      | Found a stormy altar of Qazlal.
  8515 | D:7      | Found a hazy altar of Hepliaklqana.
  8515 | D:7      | Found a basalt altar of Yredelemnul.
  8515 | D:7      | Found a white marble altar of Elyvilon.
  8611 | D:8      | Offered knowledge of Throw Frost by Vehumet.
  8688 | D:8      | Found Jyess's Antique Weapon Shop.
  8703 | D:8      | Reached *** piety under Vehumet
  8766 | D:8      | You fall through a shaft for 3 floors!
  8834 | D:11     | Reached skill level 5 in Conjurations
  9152 | D:11     | Got a translucent spear {freeze}
  9223 | D:11     | Offered knowledge of Airstrike by Vehumet.
  9232 | D:11     | Reached skill level 10 in Spellcasting
  9377 | D:11     | Noticed Psyche
  9400 | D:11     | Killed Psyche
  9556 | D:11     | Reached XP level 10. HP: 44/51 MP: 24/26
  9569 | D:11     | Noticed a hill giant
  9573 | D:11     | Killed a hill giant
  9693 | D:11     | Reached **** piety under Vehumet
  9699 | D:11     | Reached skill level 1 in Fire Magic
  9700 | D:11     | Offered knowledge of Olgreb's Toxic Radiance by Vehumet.
  9844 | D:11     | Reached skill level 5 in Transmutations
  9939 | D:11     | Noticed Josephine
  9948 | D:11     | Killed Josephine
  9948 | D:11     | Reached skill level 10 in Earth Magic
 10248 | D:11     | Noticed a hill giant
 10253 | D:11     | Killed a hill giant
 10466 | D:11     | Found a staircase to the Lair.
 10808 | D:11     | Found a staircase to the Orcish Mines.
 10885 | D:10     | Entered Level 10 of the Dungeon
 10896 | D:10     | Noticed a hill giant
 10900 | D:10     | Killed a hill giant
 10900 | D:10     | Reached XP level 11. HP: 55/55 MP: 14/28
 11295 | D:10     | Reached ***** piety under Vehumet
 11646 | D:10     | Offered knowledge of Yara's Violent Unravelling by Vehumet.
 11873 | D:10     | Noticed an unseen horror
 11880 | D:10     | Killed an unseen horror
 12014 | D:9      | Noticed Gastronok
 12118 | D:9      | Learned a level 5 spell: Bolt of Magma
 12125 | D:9      | Learned a level 6 spell: Iron Shot
 12349 | D:9      | Learned a level 5 spell: Yara's Violent Unravelling
 12665 | D:9      | Found Annes's Antique Weapon Shop.
 13286 | D:8      | Noticed baghtru's ghost (novice TrBe)
 13427 | D:8      | Killed baghtru's ghost
 14352 | D:12     | Offered knowledge of Fireball by Vehumet.
 14660 | D:12     | Noticed a seven-headed hydra
 14668 | D:12     | Killed a seven-headed hydra
 15396 | D:12     | Reached XP level 12. HP: 48/60 MP: 17/30
 15693 | D:13     | Noticed a six-headed hydra
 15695 | D:13     | Killed a six-headed hydra
 16443 | D:13     | You fall through a shaft for 2 floors!
 16443 | D:15     | Entered Level 15 of the Dungeon
 16496 | D:15     | Noticed a six-headed hydra
 16501 | D:15     | Killed a six-headed hydra
 16501 | D:15     | Reached skill level 10 in Dodging
 16568 | D:15     | Noticed Urug
 16735 | D:15     | Noticed an ogre mage
 16739 | D:15     | Reached skill level 10 in Conjurations
 16740 | D:15     | Killed an ogre mage
 17188 | D:14     | Offered knowledge of Ozocubu's Refrigeration by Vehumet.
 17191 | D:14     | Noticed a centaur warrior
 17199 | D:14     | Killed a centaur warrior
 17205 | D:14     | Noticed a death knight
 17447 | D:15     | Killed Urug
 17447 | D:15     | Reached XP level 13. HP: 43/64 MP: 10/32
 17767 | D:15     | Noticed a fire dragon
 18895 | D:15     | Noticed a fire dragon
 18935 | D:15     | Killed a fire dragon
 19361 | D:15     | Reached skill level 1 in Fighting
 19811 | D:15     | Found a staircase to the Depths.
 19857 | D:15     | Noticed a fire dragon
 20685 | D:14     | Found a shimmering altar of Xom.
 21093 | D:13     | Offered knowledge of Freezing Cloud by Vehumet.
 21282 | D:13     | Learned a level 2 spell: Repel Missiles
 21285 | D:13     | Learned a level 2 spell: Blink
 21289 | D:13     | Learned a level 3 spell: Mephitic Cloud
 21483 | D:13     | Reached skill level 1 in Charms
 21483 | D:13     | Reached skill level 1 in Translocations
 21486 | D:13     | Reached XP level 14. HP: 53/70 MP: 24/34
 21807 | D:13     | Found a gate to the Vaults.
 22539 | Lair:1   | Entered Level 1 of the Lair of Beasts
 23832 | Lair:1   | Identified 2 scrolls of acquirement
 23836 | Lair:1   | Upgraded the game from 0.19.1-28-ge1247f7 to 0.19.3
 23842 | Lair:1   | Learned a level 3 spell: Ignite Poison
 23845 | Lair:1   | Identified the +10 spear of Bloodstone {freeze, rElec MR+} (You took it off an orc on level 11 of the Dungeon)
 25192 | Lair:3   | Found a staircase to the Shoals.
 25649 | Lair:4   | Found a staircase to the Snake Pit.
 26043 | Lair:4   | Noticed Nergalle
 26045 | Lair:4   | Killed Nergalle
 26110 | Lair:4   | Noticed Kirke
 26148 | Lair:4   | Killed Kirke
 26148 | Lair:4   | Reached skill level 15 in Spellcasting
 26345 | Lair:4   | Identified Muyk's Compendium of Venom and Air
 26797 | Lair:4   | Reached skill level 15 in Earth Magic
 27626 | Lair:5   | Reached skill level 1 in Shields
 27636 | Lair:5   | Reached skill level 5 in Charms
 28181 | Lair:6   | Entered Level 6 of the Lair of Beasts
 29352 | Lair:6   | Offered knowledge of Bolt of Fire by Vehumet.
 29487 | Lair:6   | Found a staircase to the Slime Pits.
 29503 | Lair:6   | Reached XP level 15. HP: 73/73 MP: 14/36
 29934 | Lair:6   | Found a blossoming altar of Fedhas.
 31122 | Lair:6   | HP: 1/73 [fire dragon/blast of flame (22)]
 31876 | Lair:6   | Found a runed door.
 31886 | Lair:6   | Mangled by a fire dragon

Skill      XL: |  1  2  3  4  5  6  7  8  9 10 11 12 13 14 15 |
---------------+----------------------------------------------+-----
Earth Magic    | 4 5 6 8 9 10 11 13 14 15 | 15.6
Spellcasting   | 4 5 6 7 9 10 11 12 13 14 15 | 15.6
Dodging        | 3 4 5 6 7 9 10 11 12 | 12.4
Conjurations   | 1 2 3 4 5 7 9 10 11 12 13 | 13.2
Stealth        | 3 4 |  4.8
Transmutations | 3 4 5 7 8 9 |  9.8
Fire Magic     | 1 3 4 |  4.2
Fighting       | 1 |  1.0
Charms         | 1 5 6 |  6.4
Translocations | 1 2 |  2.8
Shields        | 1 2 |  2.4
Hexes          | |  0.3

Action                   |  1- 3 |  4- 6 |  7- 9 | 10-12 | 13-15 || total
-------------------------+-------+-------+-------+-------+-------++-------
 Cast: Sandblast         |   100 |    68 |    86 |    60 |    46 ||   360
       Stone Arrow       |       |    15 |    94 |   211 |   323 ||   643
       Lee's Rapid Decon |       |       |    11 |    19 |    69 ||    99
       Throw Flame       |       |       |    14 |   143 |   123 ||   280
       Petrify           |       |       |       |     4 |     9 ||    13
       Bolt of Magma     |       |       |       |    21 |     5 ||    26
       Iron Shot         |       |       |       |    27 |   158 ||   185
       Yara's Violent Un |       |       |       |     3 |       ||     3
       Passwall          |       |       |       |     1 |       ||     1
       Repel Missiles    |       |       |       |       |     1 ||     1
       Mephitic Cloud    |       |       |       |       |     1 ||     1
       Ignite Poison     |       |       |       |       |     1 ||     1
  Use: Scroll            |       |       |    10 |       |    19 ||    29
       Potion            |       |       |       |       |     2 ||     2
  Eat: Chunk             |     5 |     7 |    10 |    23 |    64 ||   109
       Pizza             |       |       |     1 |     1 |     6 ||     8
       Meat ration       |       |       |     1 |     1 |       ||     2
       Bread ration      |       |       |       |     1 |     1 ||     2
       Fruit             |       |       |       |       |     1 ||     1
Armor: Robe              |    12 |     2 |     8 |    14 |    10 ||    46
Dodge: Dodged            |    25 |    20 |    64 |    59 |   122 ||   290
       Deflected         |       |       |       |       |     2 ||     2
Block: Buckler           |       |       |       |       |     9 ||     9
